Map: Abyssal Reef LE

Players

Rogue

  • Race: Zerg Zerg
  • Spawn Location: 5:00

Neeb - Winner!

  • Race: Protoss Protoss
  • Spawn Location: 11:00

Event: 2017 WCS Global Finals

VOD

Have the link to the VOD?

Description

Time

  • Played on: Oct. 27, 2017, 3:28 p.m.
  • Length: 14:54

All games in this series

Show
View Real Time Build Order
Export as new Build Order

Rogue Zerg 

Build Orders: Hatch First 

Get SALT Encoding   

  12  0:00  Drone  
  13  0:08  Drone  
  14  0:16  Overlord  
  14  0:22  Extractor, Drone  
  15  0:45  Hatchery  
  15  0:47  Drone  
  15  0:52  Drone  
  15  0:55  Drone  
  17  1:02  Drone  
  18  1:09  Extractor  
  17  1:12  Drone  
  18  1:21  Spawning Pool  
  18  1:22  Drone  
  18  1:31  Drone  
  19  1:41  Drone  
  20  1:52  Overlord  
  20  1:59  Drone  
  21  2:07  Queen x2  
  26  2:08  Zergling x4  
  26  2:12  Metabolic Boost  
  27  2:16  Drone  
  27  2:19  Drone  
  29  2:24  Drone  
  29  2:29  Drone  
  31  2:35  Drone  
  32  2:40  Drone  
  33  2:51  Hatchery  
  33  2:54  Pneumatized Carapace  
  33  2:56  Drone x2  
  34  3:01  Overlord  
  34  3:03  Drone  
  35  3:09  Drone  
  36  3:21  Drone x7  
  36  3:26  Overlord  
  43  3:35  Drone  
  44  3:44  Overlord  
  44  3:47  Queen x2  
  48  3:49  Drone x4  
  48  3:52  Spore Crawler  
  51  3:55  Spore Crawler  
  51  3:59  Zergling x4  
  51  4:02  Overlord  
  52  4:04  Drone x2  
  54  4:12  Evolution Chamber, Drone  
  54  4:15  Drone x2  
  56  4:17  Spore Crawler  
  56  4:21  Drone x3  
  56  4:22  Drone x2  
  60  4:28  Drone x4  
  64  4:32  Queen  
  64  4:34  Zergling x2  
  64  4:36  Zergling x4  
  69  4:41  Zerg Melee Weapons Level 1  
  69  4:45  Overlord  
  69  4:49  Zergling x4  
  71  4:53  Zergling x6  
  71  4:56  Overlord  
  74  5:04  Drone  
  74  5:05  Drone x7  
  82  5:09  Lair  
  82  5:12  Overlord  
  82  5:13  Overlord  
  82  5:14  Queen  
  82  5:17  Overlord  
  82  5:18  Baneling Nest  
  83  5:21  Overlord  
  83  5:27  Extractor  
  83  5:28  Extractor  
  80  5:32  Drone x2  
  80  5:33  Drone x6  
  80  5:35  Drone  
  87  5:37  Extractor x2  
  85  5:43  Zergling x6, Hatchery  
  85  5:45  Drone x2  
  85  5:49  Drone  
  90  5:51  Drone  
  90  5:52  Queen  
  90  5:53  Queen  
  95  6:00  Roach Warren  
  95  6:01  Overlord  
  95  6:10  Drone x2  
  91  6:11  Zergling x10  
  91  6:12  Zergling x4  
  91  6:13  Spire  
  91  6:14  Drone  
  90  6:20  Drone  
  90  6:23  Hatchery  
  90  6:28  Drone  
  90  6:30  Spore Crawler  
  90  6:32  Zergling x10  
  94  6:40  Zerg Missile Weapons Level 1  
  94  6:51  Overlord  
  94  6:54  Glial Reconstitution  
  92  7:03  Zergling x2  
  92  7:04  Zergling x16  
  92  7:06  Zergling x2  
  96  7:26  Corruptor  
  96  7:27  Corruptor x8  
  111  7:37  Corruptor  
  111  7:39  Zergling x14  
  111  7:43  Corruptor  
  120  7:45  Zergling x2  
  120  7:46  Zergling x2  
  120  7:47  Zergling x2  
  120  7:49  Overseer  
  122  8:00  Roach x5  
  122  8:01  Roach x3  
  122  8:02  Overlord  
  138  8:08  Overlord  
  136  8:16  Roach  
  136  8:17  Roach x2, Overlord x2  
  141  8:26  Overlord x3  
  141  8:28  Roach  
  141  8:29  Roach x4  
  141  8:33  Zergling x2  
  141  8:34  Zergling x8  
  156  8:38  Zergling x8  
  160  8:48  Zergling x12  
  166  8:49  Ravager x5  
  166  8:52  Zergling x6  
  166  8:54  Zergling x2  
  175  9:00  Zergling x10  
  180  9:03  Zergling x2  
  180  9:04  Zergling x4  
  180  9:09  Ravager x4  
  186  9:10  Zergling x8  
  189  9:20  Zergling x2  
  189  9:21  Zergling x18  
  193  9:25  Overlord  
  193  9:26  Overlord  
  193  9:30  Baneling Nest  
  192  9:35  Overseer x3  
  185  9:39  Zergling x10  
  185  9:45  Zergling x12  
  170  9:50  Zergling x12  
  159  9:55  Zergling x2  
  159  9:57  Zerg Melee Weapons Level 2  
  159  9:59  Zergling x6  
  157  10:00  Zergling x2  
  157  10:02  Zergling x2  
  157  10:05  Zergling x4  
  150  10:08  Zergling x2  
  150  10:09  Zergling x6  
  150  10:10  Drone x2  
  150  10:14  Drone x2  
  150  10:19  Drone  
  150  10:20  Centrifical Hooks  
  153  10:25  Roach x4  
  160  10:30  Roach x3  
  166  10:37  Zergling x2  
  166  10:38  Zergling x10  
  166  10:41  Baneling  
  166  10:42  Baneling x6  
  172  10:47  Zergling x10  
  177  10:52  Zergling x2  
  177  10:53  Zergling x8  
  182  11:00  Ravager x7  
  189  11:10  Zergling x16  
  197  11:13  Baneling x6  
  197  11:14  Hatchery  
  196  11:19  Baneling x3  
  196  11:25  Overlord, Zergling x2  
  192  11:37  Zergling x2  
  192  11:38  Zergling x10  
  192  11:39  Baneling x11  
  195  11:40  Baneling x3  
  195  11:41  Baneling  
  195  11:47  Extractor, Zergling x18  
  193  11:51  Zergling x4  
  187  11:55  Zergling x10  
  187  11:57  Zergling x2  
  187  11:58  Overlord x2  
  191  12:03  Baneling x11  
  191  12:13  Spore Crawler  
  190  12:20  Baneling x7  
  190  12:21  Baneling x3  
  190  12:22  Zergling x20  
  199  12:32  Infestation Pit  
  199  12:34  Zergling x2  
  199  12:35  Zergling x8  
  179  12:45  Zergling x22  
  179  12:51  Drone x4  
  188  13:00  Baneling  
  188  13:09  Overlord x3  
  188  13:12  Hive  
  185  13:28  Zergling x12  
  185  13:29  Zergling x16  
  185  13:32  Zergling x12  
  171  13:34  Zergling x2  
  171  13:38  Zergling x2  
  171  13:39  Zergling x10  
  167  13:41  Zergling x2  
  167  13:44  Zergling x6  
  148  13:49  Zergling x10  
  148  13:51  Zergling x2  
  148  13:53  Zergling x4  
  131  13:55  Zergling x2  
  131  14:00  Zergling x2  
  131  14:01  Zergling x4  
  125  14:08  Roach  
  125  14:09  Roach x4  
  134  14:10  Overseer  
  126  14:22  Zergling x2, Overseer x2  
  115  14:25  Zergling x18  
  115  14:26  Zergling x2  
  115  14:27  Zergling x4  
  115  14:31  Zergling x8  
  115  14:35  Zergling x2  
Show
View Real Time Build Order
Export as new Build Order

Neeb Protoss - Winner!

Build Orders: Nexus First, Oracle Opening 

Get SALT Encoding   

  12  0:00  Probe (Chrono Boost)  
  13  0:11  Probe (Chrono Boost)  
  14  0:18  Pylon  
  14  0:22  Probe (Chrono Boost)  
  15  0:36  Probe (Chrono Boost)  
  16  0:47  Probe (Chrono Boost)  
  17  0:57  Probe (Chrono Boost)  
  17  1:04  Nexus  
  18  1:15  Gateway  
  18  1:17  Probe (Chrono Boost)  
  19  1:23  Assimilator  
  19  1:28  Probe (Chrono Boost)  
  19  1:31  Assimilator  
  20  1:38  Probe (Chrono Boost)  
  21  1:41  Pylon  
  21  1:49  Probe (Chrono Boost)  
  22  1:59  Probe (Chrono Boost)  
  23  2:02  Cybernetics Core  
  23  2:10  Probe (Chrono Boost)  
  24  2:16  Probe (Chrono Boost)  
  24  2:20  Probe (Chrono Boost)  
  26  2:26  Probe (Chrono Boost)  
  27  2:31  Probe (Chrono Boost)  
  27  2:32  Warp Gate (Chrono Boost)  
  27  2:36  Adept (Chrono Boost)  
  27  2:37  Probe (Chrono Boost)  
  29  2:40  Stargate  
  29  2:41  Probe  
  32  2:48  Probe  
  32  2:49  Gateway  
  33  2:53  Probe  
  34  3:00  Adept, Probe  
  37  3:06  Probe  
  37  3:09  Pylon  
  39  3:12  Probe  
  39  3:15  Assimilator  
  39  3:18  Probe  
  40  3:22  Oracle (Chrono Boost)  
  40  3:25  Probe  
  44  3:27  Adept  
  44  3:30  Probe, Pylon  
  47  3:34  Gateway  
  47  3:37  Adept  
  47  3:39  Probe  
  50  3:42  Probe  
  51  3:50  Pylon  
  51  3:51  Probe  
  51  3:54  Probe  
  51  3:55  Oracle (Chrono Boost)  
  56  4:03  Probe  
  56  4:07  Probe  
  58  4:11  Nexus  
  58  4:15  Pylon  
  58  4:16  Probe  
  59  4:19  Probe  
  59  4:23  Assimilator  
  60  4:28  Probe  
  60  4:30  Adept x2  
  65  4:31  Adept  
  65  4:36  Pylon  
  65  4:37  Probe  
  68  4:40  Probe  
  69  4:46  Void Ray (Chrono Boost)  
  69  4:49  Probe  
  74  4:53  Probe, Pylon  
  75  5:01  Probe  
  75  5:05  Stargate  
  75  5:07  Assimilator, Stargate  
  76  5:08  Probe  
  76  5:12  Assimilator  
  78  5:15  Mothership Core  
  78  5:20  Probe  
  80  5:23  Probe  
  81  5:32  Oracle (Chrono Boost), Probe  
  81  5:33  Probe  
  86  5:36  Probe  
  86  5:41  Pylon  
  87  5:44  Probe x2, Pylon  
  87  5:48  Probe  
  87  5:49  Oracle (Chrono Boost)  
  93  5:50  Oracle (Chrono Boost)  
  93  5:56  Probe x2  
  98  5:59  Forge  
  98  6:00  Probe  
  98  6:01  Forge  
  98  6:02  Pylon  
  98  6:04  Pylon  
  99  6:07  Oracle (Chrono Boost)  
  99  6:08  Probe  
  103  6:12  Probe  
  96  6:19  Probe  
  96  6:20  Zealot, Probe, Sentry  
  96  6:21  Zealot  
  96  6:23  Oracle (Chrono Boost)  
  96  6:25  Oracle (Chrono Boost)  
  110  6:34  Gateway  
  110  6:37  Gateway  
  106  6:40  Gateway, Protoss Ground Weapons Level 1 (Chrono Boost), Protoss Ground Armor Level 1 (Chrono Boost)  
  106  6:41  Gateway  
  106  6:46  Oracle (Chrono Boost), Twilight Council  
  106  6:53  Zealot x2  
  113  6:58  Zealot  
  115  7:03  Probe  
  115  7:05  Probe  
  117  7:14  Nexus, Oracle x2  
  120  7:26  Probe  
  120  7:27  Probe  
  122  7:33  Probe  
  122  7:35  Oracle  
  123  7:40  Blink (Chrono Boost)  
  123  7:41  Gateway  
  123  7:45  Pylon  
  123  7:49  Pylon  
  123  7:50  Stalker x7  
  137  7:52  Pylon  
  137  7:56  Probe x2  
  137  7:57  Assimilator  
  139  8:02  Assimilator  
  139  8:06  Pylon  
  139  8:14  Gateway  
  139  8:19  Stalker x5, Protoss Ground Armor Level 2 (Chrono Boost)  
  146  8:20  Gateway  
  146  8:23  Protoss Ground Weapons Level 2 (Chrono Boost)  
  142  8:33  Stalker x2  
  146  8:43  Stalker x2  
  146  8:44  Stalker  
  152  8:51  Robotics Facility  
  152  8:54  Sentry x2  
  156  8:58  Stalker x2  
  156  8:59  Stalker  
  162  9:05  Photon Cannon  
  162  9:09  Pylon  
  162  9:10  Pylon  
  162  9:12  Stalker x3  
  168  9:18  Stalker x2  
  169  9:25  Stalker x3  
  173  9:42  Stalker x5  
  173  9:43  Stalker x2  
  167  9:50  Probe  
  161  9:57  Nexus  
  157  10:04  Stalker x2  
  157  10:05  Stalker  
  160  10:20  Protoss Ground Weapons Level 3 (Chrono Boost), Sentry  
  160  10:21  Stalker x4, Sentry x2  
  166  10:23  Protoss Ground Armor Level 3 (Chrono Boost)  
  166  10:26  Pylon  
  166  10:28  Pylon  
  174  10:34  Photon Cannon  
  174  10:44  Observer (Chrono Boost)  
  175  10:57  Stalker x2  
  175  11:00  Nexus  
  175  11:03  Stalker  
  181  11:20  Stalker x2  
  181  11:21  Stalker x4  
  193  11:26  Stalker x2  
  197  11:39  Stalker  
  199  11:40  Pylon  
  199  11:42  Templar Archives  
  199  11:43  Fleet Beacon  
  199  11:45  Mothership  
  188  11:59  Stalker x5  
  196  12:23  Psionic Storm  
  196  12:28  Assimilator  
  200  12:30  Assimilator  
  182  12:39  Probe  
  175  12:48  Stalker x10  
  195  12:55  Nexus  
  192  13:09  Observer (Chrono Boost)  
  164  13:39  Stalker x10  
  121  14:03  Stalker x6  
  121  14:04  Stalker x3  
  121  14:05  Probe x2  
  121  14:06  Probe x3  
  144  14:13  Pylon  
  139  14:41  Stalker x10  
Tags
 
Add a new tag
Caveats
  • Supply blocks, unpowered buildings, or Contaminate may cause inaccurate times.
  • Supply counts are checked every 10 seconds.